 Dungeon Crawl Stone Soup version 0.27.1 (webtiles) character file.

Game seed: 3643334896226762113

5553 Kinoniko the Cleaver (level 10, -4/81 HPs)
             Began as a Hill Orc Fighter on Sept 2, 2021.
             Was a Believer of Ashenzari.
             Slain by an 11-headed hydra (8 damage)
             ... on level 8 of the Dungeon.
             The game lasted 00:13:08 (11691 turns).

Kinoniko the Cleaver (Hill Orc Fighter)            Turns: 11691, Time: 00:13:08

Health: -4/81      AC: 16    Str: 23    XL:     10   Next: 71%
Magic:  10/10      EV:  7    Int:  8    God:    Ashenzari [**....]
Gold:   469        SH: 12    Dex: 10    Spells: 9/9 levels left

rFire    + . .     SeeInvis +   a - +1 war axe "Irritation of Ashenzari" {venom, Range, Fort} (curse)
rCold    . . .     Faith    .   c - +0 kite shield
rNeg     . . .     Spirit   .   i - +0 plate armour
rPois    .         Reflect  .   m - +0 helmet "Overhang to Understand" {Range, Self} (curse)
rElec    .         Harm     .   (no cloak)
rCorr    .         Rampage  .   (no gloves)
Will     .....                  D - +0 pair of boots of the Chained Sage {Cun, Melee} (curse)
Stlth    ..........             (no amulet)
HPRegen  0.23/turn              A - ring of protection from fire
MPRegen  0.12/turn              (no ring)

@: mighty
A: no striking features
a: Renounce Religion, Shatter the Chains


You were on level 8 of the Dungeon.
You worshipped Ashenzari.
Ashenzari was pleased with you.
You visited 2 branches of the dungeon, and saw 10 of its levels.
You also visited: Sewer and Ossuary.

You collected 469 gold pieces.

Inventory:

Hand Weapons
 a - the cursed +1 war axe "Irritation of Ashenzari" (weapon) {venom, Range, Fort}

   It poisons the flesh of those it strikes.
   It has a curse which improves the following skills: Ranged Combat: Slings,
   Bows, Crossbows and Throwing.
   Fortitude: Armour and Shields.
 y - a +0 whip of venom
Armour
 b - a +0 scale mail
 c - a +0 kite shield (worn)
 e - a +0 chain mail
 i - a +0 plate armour (worn)
 m - the cursed +0 helmet "Overhang to Understand" (worn) {Range, Self}
   (You took it off Robin on level 4 of the Dungeon)

   It has a curse which improves the following skills: Ranged Combat: Slings,
   Bows, Crossbows and Throwing.
   Introspection: Fighting and Spellcasting.
 s - the +2 leather armour "Nasiunt" {rElec rF+ Will+ Int-4}
   (You found it on level 5 of the Dungeon)

   Int:       It affects your intelligence (-4).
   rF:        It protects you from fire.
   rElec:     It insulates you from electricity.
   Will:      It increases your willpower.
 D - the cursed +0 pair of boots of the Chained Sage (worn) {Cun, Melee}
   (You found it on level 8 of the Dungeon)

   It has a curse which improves the following skills: Cunning: Dodging and
   Stealth.
   Melee Combat: Short Blades, Long Blades, Axes, Maces & Flails, Polearms,
   Staves and Unarmed Combat.
Jewellery
 A - a ring of protection from fire (left hand)
Wands
 o - a wand of acid (7)
 q - a wand of paralysis (23)
 w - a wand of polymorph (8)
 B - a wand of flame (31)
Scrolls
 g - 8 scrolls of identify
 h - a scroll of enchant armour
 k - a scroll of holy word
 n - 2 scrolls of fog
 r - 7 scrolls of teleportation
 t - 2 scrolls of fear
 v - a scroll of magic mapping
 x - 2 scrolls of silence
 C - a scroll of amnesia
Potions
 d - a potion of curing
 f - a potion of cancellation
 j - 6 potions of heal wounds
 l - 2 potions of magic
 p - a potion of lignification
 u - a potion of might
 z - a potion of ambrosia


   Skills:
 - Level 3.6(5.0) Fighting
 * Level 14.7(15.9) Axes
 + Level 6.9(8.4) Armour
 - Level 2.5(3.8) Dodging
 - Level 9.4(10.8) Shields


You had 9 spell levels left.
You didn't know any spells.
Your spell library contained the following spells:

 Spells                   Type           Power      Damage    Failure   Level
 Ozocubu's Armour         Ice            0%         N/A       100%        3
 Stone Arrow              Conj/Erth      0%         3d7       100%        3
 Summon Guardian Golem    Hex/Summ       0%         N/A       100%        3
 Animate Armour           Summ/Erth      0%         N/A       100%        4
 Blade Hands              Tmut           0%         N/A       100%        5
 Irradiate                Conj/Tmut      0%         3d13      100%        5
 Dragon Form              Tmut           0%         N/A       100%        7
 Orb of Destruction       Conj           0%         N/A       100%        7
 Ozocubu's Refrigeration  Ice            0%         4d5       100%        7
 Spellforged Servitor     Conj/Summ      0%         N/A       100%        7
 Lehudib's Crystal Spear  Conj/Erth      0%         10d2      100%        8


Dungeon Overview and Level Annotations

Branches:
Dungeon (9/15)             Temple (1/1) D:4            Lair (0/6) D:8
  Sewer (visited)         Ossuary (visited)
    Orc: D:9-12

Altars:
Ashenzari
Cheibriados
Dithmenos
Elyvilon
Fedhas
Gozag
Hepliaklqana
Kikubaaqudgha
Makhleb
Nemelex Xobeh
Qazlal
Ru
Sif Muna
Uskayaw
Vehumet
Wu Jian
Xom
Yredelemnul
Zin
The Shining One

Shops:
D:5 *   D:6 (


Message History

The nine-headed hydra bites you but does no damage. x2
You block the nine-headed hydra's attack.
The nine-headed hydra bites you but does no damage.
The nine-headed hydra bites you.
The nine-headed hydra bites you but does no damage.
The nine-headed hydra bites you.
The nine-headed hydra bites you but does no damage.
You feel very mighty all of a sudden.
The nine-headed hydra bites you but does no damage.
The nine-headed hydra bites you!
The nine-headed hydra closely misses you.
The nine-headed hydra bites you.
The nine-headed hydra bites you but does no damage. x2
You block the nine-headed hydra's attack. x2
The nine-headed hydra bites you.
You slice one of the nine-headed hydra's heads off!
The eight-headed hydra grows two more!
You slash the ten-headed hydra!
The ten-headed hydra is lightly wounded.
Unknown command.
You hack one of the ten-headed hydra's heads off!
The nine-headed hydra grows two more!
You slash the 11-headed hydra!
The 11-headed hydra is lightly wounded.
The 11-headed hydra bites you but does no damage.
The 11-headed hydra barely misses you. The 11-headed hydra bites you.
* * * LOW HITPOINT WARNING * * *
The 11-headed hydra bites you but does no damage.
You block the 11-headed hydra's attack. The 11-headed hydra bites you.
* * * LOW HITPOINT WARNING * * *
You block the 11-headed hydra's attack. The 11-headed hydra bites you.
* * * LOW HITPOINT WARNING * * *
The 11-headed hydra bites you!
* * * LOW HITPOINT WARNING * * *
The 11-headed hydra bites you but does no damage.
The 11-headed hydra barely misses you.
Unknown command.
Unknown command.
You barely miss the 11-headed hydra.
The 11-headed hydra is lightly wounded.
You block the 11-headed hydra's attack. The 11-headed hydra bites you!
You die...

...# ##.##....##### ...#
######..(....#######
...#
#...................
..##
#.######.....######. .##
###.#######...#######.
.#
#...(.............##..
.#
#.#>#############.##..
.# #######.#K#########
#..... .#
##........#D@......#
#####.
.####)..#....#.####.##.#
##.. ..).)).......###
#.##.#######...
#####...#....#
#..............
######.###.#.#
####.#######... .......#
#.#.# #.########..
######## #>..#
#........... #####
############


You could see a 11-headed hydra and a kobold.

Vanquished Creatures
  An elephant (D:8)
  Joseph (D:8)
  Grinder (D:4)
  A hornet (D:8)
  Prince Ribbit (D:7)
  Sigmund (D:4)
  2 wyverns (D:8)
  A basilisk (D:8)
  4 steam dragons
  Menkaure (D:7)
  An acid dragon (D:8)
  3 water moccasins
  Duvessa (D:4)
  Purgy (D:4)
  2 orc warriors
  4 black bears
  2 ogres (D:4)
  5 kobold brigands
  3 bullfrogs
  A scorpion (D:7)
  2 water moccasin zombies (D:5)
  Dowan (D:4)
  5 killer bees (D:7)
  4 centaur zombies
  2 hounds
  A jelly (D:6)
  3 orc priests
  3 iguanas
  2 orc wizards
  3 hound skeletons
  5 mummies (Ossuary)
  Robin (D:4)
  A howler monkey skeleton (D:7)
  7 adders
  A shadow imp (D:7)
  2 white imps
  3 ufetubi
  A worm (D:4)
  2 dart slugs
  16 orcs
  3 ball pythons
  6 bats
  12 endoplasms
  5 giant cockroaches
  19 goblins
  13 hobgoblins
  7 jackals
  4 quokkas
  2 frilled lizards (D:2)
  6 hobgoblin zombies (Ossuary)
  36 kobolds
  A quokka skeleton (D:4)
  5 rats
221 creatures vanquished.

Vanquished Creatures (others)
  A hobgoblin (D:4)
  2 plants
3 creatures vanquished.

Grand Total: 224 creatures vanquished

Notes
Turn   | Place    | Note
-------+----------+-------------------------------------------
     0 | D:1      | Kinoniko the Hill Orc Fighter began the quest for the Orb.
     0 | D:1      | Reached XP level 1. HP: 19/19 MP: 1/1
    68 | D:1      | Reached skill level 3 in Axes
   135 | D:1      | Reached XP level 2. HP: 24/26 MP: 2/2
   427 | D:1      | Reached skill level 4 in Axes
   440 | D:1      | Reached XP level 3. HP: 29/31 MP: 3/3
  1546 | D:2      | Reached skill level 5 in Axes
  1546 | D:2      | Reached XP level 4. HP: 25/39 MP: 4/4
  2402 | D:2      | Reached XP level 5. HP: 33/45 MP: 5/5
  2484 | D:3      | Reached skill level 6 in Axes
  3025 | D:3      | Found a faded altar of an unknown god.
  3253 | D:4      | Noticed Purgy
  3253 | D:4      | Noticed Duvessa
  3253 | D:4      | Noticed Dowan
  3525 | D:4      | Killed Duvessa
  3526 | D:4      | Reached skill level 7 in Axes
  3526 | D:4      | Reached skill level 5 in Shields
  3526 | D:4      | Reached XP level 6. HP: 10/51 MP: 6/6
  3526 | D:4      | Killed Dowan
  3770 | D:4      | Killed Purgy
  3771 | D:4      | Reached skill level 8 in Axes
  3771 | D:4      | Reached XP level 7. HP: 44/57 MP: 7/7
  3895 | D:4      | Noticed Robin
  4522 | D:4      | Noticed Grinder
  4715 | D:4      | Killed Robin
  4718 | D:4      | Paralysed by Grinder for 5 turns
  4813 | D:4      | Paralysed by Grinder for 7 turns
  4831 | D:4      | Killed Grinder
  4832 | D:4      | Reached skill level 9 in Axes
  4953 | D:4      | Reached XP level 8. HP: 26/64 MP: 8/8
  5220 | D:4      | Noticed Sigmund
  5230 | D:4      | Killed Sigmund
  5231 | D:4      | Reached skill level 10 in Axes
  5382 | D:4      | Found a staircase to the Ecumenical Temple.
  5393 | Temple   | Entered the Ecumenical Temple
  5560 | Temple   | Became a worshipper of Ashenzari the Shackled
  6039 | D:4      | Identified the +3 dagger "Reqik" {freeze, Will+ rCorr}
  6133 | D:5      | Entered Level 5 of the Dungeon
  6187 | D:5      | Identified the +2 leather armour "Nasiunt" {rElec rF+ Will+
                  | Int-4}
  6192 | D:5      | Found a sand-covered staircase.
  6200 | Ossuary  | Entered an ossuary
  6217 | Ossuary  | Reached skill level 11 in Axes
  6217 | Ossuary  | Reached skill level 1 in Dodging
  6573 | D:5      | Found Suewul's Assorted Antiques.
  6715 | D:5      | Found a glowing drain.
  6730 | Sewer    | Entered a sewer
  7047 | D:5      | Reached XP level 9. HP: 62/70 MP: 9/9
  7573 | D:6      | Reached skill level 12 in Axes
  8365 | D:6      | Found Holele's Weapon Shoppe.
  8766 | D:7      | Noticed Prince Ribbit
  9117 | D:7      | Killed Prince Ribbit
  9440 | D:7      | Reached skill level 5 in Armour
  9493 | D:7      | Identified the +6 long sword "Xuceed" {vorpal, rF- Will+
                  | Int+4 SInv}
  9521 | D:7      | Reached skill level 13 in Axes
  9753 | D:7      | Reached * piety under Ashenzari
  9887 | D:7      | Noticed Menkaure
  9894 | D:7      | Killed Menkaure
 10027 | D:7      | Reached XP level 10. HP: 80/80 MP: 10/10
 10227 | D:8      | Noticed an elephant
 10227 | D:8      | Found a staircase to the Lair.
 10247 | D:8      | Killed an elephant
 10528 | D:8      | Reached skill level 14 in Axes
 11175 | D:8      | Noticed Joseph
 11216 | D:8      | Killed Joseph
 11561 | D:8      | Reached ** piety under Ashenzari
 11675 | D:9      | Noticed a six-headed hydra
 11690 | D:8      | HP: 4/81 [11-headed hydra (10)]
 11691 | D:8      | Slain by an 11-headed hydra

Illustrated notes

Levels and vault maps discovered:
D:1:      dpeg_arrival_ternary, layout_loops_ring, minmay_door_square,
          chequers_serial_rivers_micro_a
D:2:      layout_loops_ring, guppyfry_early_lair_pool
D:3:      layout_basic, hellmonk_ecumenical_altar_heavens_door
D:4:      layout_rooms, minmay_temple_entry_slanted, uniq_purgy, uniq_grinder,
          uniq_sigmund, uniq_duvessa, uniq_robin
D:5:      layout_basic, portal_sewer_entry_d, enter_ossuary_1, serial_shops,
          shop
D:6:      cheibrodos_steamvent, layout_loops_ring, serial_shops,
          nicolae_square_shop
D:7:      layout_loops_corners, uniq_prince_ribbit1, uniq_menkaure
D:8:      layout_loops_ring, david_lair_generic, uniq_joseph
D:9:      cheibrodos_two_vegetables, layout_long_grid,
          grunt_temple_overflow_bloody_war, david_orc_3, enter_bailey_3
Temple:   regret_index_temple_chain_breaker

Skill      XL: |  1  2  3  4  5  6  7  8  9 10 |
---------------+-------------------------------+-----
Axes           | 3 4 5 7 8 9 11 13 14 | 14.7
Shields        | 4 5 6 7 8 9 |  9.4
Dodging        | 2 |  2.5
Armour         | 5 6 |  6.9
Fighting       | |  3.6

Action                   |  1- 3 |  4- 6 |  7- 9 | 10-12 || total
-------------------------+-------+-------+-------+-------++-------
Melee: War axe           |   129 |   161 |   380 |   132 ||   802
Invok: Curse Item        |       |       |     2 |     1 ||     3
  Use: Potion            |       |     1 |     2 |     1 ||     4
       Scroll            |       |       |     2 |       ||     2
 Stab: Invisible         |       |       |     8 |       ||     8
Armor: Scale mail        |    25 |       |       |       ||    25
       Chain mail        |    55 |    97 |    73 |       ||   225
       Plate armour      |       |       |   124 |    71 ||   195
       Leather armour    |       |       |    15 |       ||    15
Dodge: Dodged            |    33 |    43 |    87 |    30 ||   193
Block: Kite shield       |    72 |   107 |   218 |    74 ||   471
